 Dungeon Crawl Stone Soup version 0.31-a0-664-g902f515a81 (webtiles) character file.

Game seed: 6381384746509415363

740 AtlasWard the Trooper (level 7, -1/75 HPs)
             Began as an Ogre Gladiator on Sept 2, 2023.
             Was an Initiate of Makhleb.
             Slain by an ogre
             ... wielding a +0 giant club
              (9 damage)
             ... on level 5 of the Dungeon.
             The game lasted 00:08:47 (4386 turns).

AtlasWard the Trooper (Ogre Gladiator)              Turns: 4386, Time: 00:08:47

Health: -1/75      AC:  3    Str: 21    XL:     7   Next: 75%
Magic:  17/17      EV:  7    Int:  9    God:    Makhleb [......]
Gold:   311        SH: 11    Dex: 10    Spells: 6/6 levels left

rFire   . . .        b - +3 dagger (elec)
rCold   . . .        t - +0 tower shield
rNeg    . . .        k - +0 robe
rPois   .            c - +0 hat
rElec   .            (no cloak)
rCorr   .            (gloves unavailable)
SInv    .            (boots unavailable)
Will    .....        (no amulet)
Stlth   +            h - ring of magical power
HPRegen 0.32/turn    (no ring)
MPRegen 0.15/turn

%: no passive effects
@: no status effects
A: large, unfitting armour, tough skin 1
a: Renounce Religion


You were on level 5 of the Dungeon.
You worshipped Makhleb.
Makhleb was noncommittal.
You visited 2 branches of the dungeon, and saw 6 of its levels.

You collected 311 gold pieces.

Inventory:

Hand Weapons
 a - a +0 quarterstaff
 b - a +3 dagger of electrocution (weapon)
 r - a +0 giant spiked club
Missiles
 d - 2 throwing nets (quivered)
 s - a large rock
 x - 4 poisoned darts
Armour
 c - a +0 hat (worn)
 k - a +0 robe (worn)
 t - a +0 tower shield (worn)
Jewellery
 h - a ring of magical power (left hand)
Scrolls
 i - 3 scrolls of enchant weapon
 j - a scroll of teleportation {unknown}
 m - a scroll of immolation {unknown}
 n - a scroll of enchant armour {unknown}
 p - a scroll of amnesia {unknown}
 q - a scroll of identify
 v - a scroll of fear {unknown}
Potions
 g - 3 potions of cancellation
 l - 2 potions of attraction {unknown}
 o - 4 potions of degeneration {unknown}
 u - 2 potions of haste {unknown}
 w - 2 potions of ambrosia {unknown}


   Skills:
 + Level 6.0 Fighting
 * Level 4.7 Short Blades
 - Level 3.5 Staves
 - Level 2.0 Throwing
 - Level 4.0 Dodging
 + Level 1.7 Shields
 + Level 1.6 Invocations


You had 6 spell levels left.
You didn't know any spells.
Your spell library contained the following spells:

 Spells                   Type           Power      Damage    Failure   Level
 Sandblast                Erth           0%         2d4       97%         1
 Passwall                 Tmut/Erth      0%         N/A       99%         2
 Scorch                   Fire           0%         2d5       99%         2
 Stone Arrow              Conj/Erth      0%         3d7       100%        3
 Flame Wave               Conj/Fire      0%         2d4       100%        4
 Summon Cactus Giant      Summ           0%         N/A       100%        6


Dungeon Overview and Level Annotations

Branches:
Dungeon (5/15)             Temple (1/1) D:4

Altars:
Ashenzari
Cheibriados
Dithmenos
Elyvilon
Fedhas
Gozag
Hepliaklqana
Kikubaaqudgha
Makhleb
Nemelex Xobeh
Okawaru
Ru
Sif Muna
Uskayaw
Wu Jian
Yredelemnul
Zin
The Shining One

Shops:
D:4 *


Innate Abilities, Weirdness & Mutations

You are too large for most types of armour.
You have tough skin. (AC +1)


Message History

The scorpion poisons you! The phantom completely misses you.
You feel much better.
You feel very sick. The scorpion stings you. You block the adder's attack.
You block the phantom's attack. You block the scorpion's attack.
As you read the scroll labelled QAUPTA KOLOVA, it crumbles to dust.
It is a scroll of enchant weapon.
Your +2 dagger of electrocution glows red for a moment.
You feel very sick. The adder bites you. You block the phantom's attack.
You block the scorpion's attack. The adder barely misses you.
Unknown command.
You feel sick. The phantom attacks as it pursues you! The phantom hits you.
You feel sick. The phantom barely misses you.
An orc comes into view. It is wielding a +0 club.
You feel sick. The scorpion attacks as it pursues you! The scorpion stings you.
* * * LOW HITPOINT WARNING * * *
You block the scorpion's attack.
You feel sick. The phantom attacks as it pursues you!
You block the phantom's attack.
You feel sick.
An orc comes into view. It is wielding a +0 hand axe.
You feel sick. The phantom attacks as it pursues you!
The phantom hits you but does no damage.
You feel sick. The phantom attacks as it pursues you! The phantom hits you!
* * * LOW HITPOINT WARNING * * *
The phantom blinks!
You blink.
An orc priest comes into view. It is wielding a +0 mace.
You feel sick.
You are no longer poisoned.
The orc priest shouts!
The phantom attacks as it pursues you! You block the phantom's attack.
The scorpion stings you.
* * * LOW HITPOINT WARNING * * *
The orc hits you but does no damage. The scorpion attacks as it pursues you!
You block the scorpion's attack. You block the ogre's attack.
There is a stone staircase leading up here.
The ogre attacks as it pursues you! The ogre hits you with a +0 giant club!
You die...

#............#.##ยงยง....#.
#......<........##..^.:....
##.......#......##.?...#####
#......<..#...........##### .
.........##..#......>.....#..
##..........#................
##.........##...............
##..#...###O..Wo...........
#####....@sSo...o.........
#.......##............
##.....###............
#.....# ###.......... #..####
##......... ##.# #.........
### ####...... ...... ##...


You could see an ogre, a phantom, a scorpion, an orc priest, an adder and 2
orcs.

Vanquished Creatures
  Grinder (D:4)
  Sigmund (D:4)
  An ogre (D:4)
  A scorpion (D:3)
  An orc priest (D:4)
  A hound (D:4)
  2 iguanas (D:4)
  An orc wizard (D:4)
  An adder (D:4)
  4 worms
  3 dart slugs
  5 orcs (D:4)
  8 bats
  5 endoplasms
  5 giant cockroaches
  10 goblins
  5 hobgoblins
  2 jackals (D:3)
  3 quokkas
  9 ball pythons
  A frilled lizard (D:3)
  9 kobolds
  5 rats
84 creatures vanquished.

Notes
Turn   | Place    | Note
-------+----------+-------------------------------------------
     0 | D:1      | AtlasWard the Ogre Gladiator began the quest for the Orb.
     0 | D:1      | Reached XP level 1. HP: 22/22 MP: 1/1
   120 | D:1      | Reached skill level 3 in Fighting
   120 | D:1      | Reached XP level 2. HP: 29/31 MP: 2/2
   461 | D:1      | Reached XP level 3. HP: 37/37 MP: 3/3
   951 | D:2      | Reached skill level 1 in Short Blades
   958 | D:2      | Found an ornate altar of the Wu Jian Council.
  1599 | D:3      | Reached XP level 4. HP: 38/45 MP: 4/4
  1947 | D:3      | Found a sparkling altar of Nemelex Xobeh.
  2625 | D:4      | Found Iuraire's Incredible Inventory.
  2699 | D:4      | Noticed Grinder
  2812 | D:4      | Noticed an ogre
  2885 | D:4      | Killed Grinder
  2886 | D:4      | Reached skill level 4 in Fighting
  2886 | D:4      | Reached XP level 5. HP: 55/55 MP: 5/5
  2886 | D:4      | Reached XP level 6. HP: 63/63 MP: 6/6
  3044 | D:4      | Reached skill level 5 in Fighting
  3108 | D:3      | Reached XP level 7. HP: 16/72 MP: 7/7
  3595 | D:4      | Found a white marble altar of Elyvilon.
  3633 | D:4      | Found a staircase to the Ecumenical Temple.
  3644 | Temple   | Entered the Ecumenical Temple
  3652 | Temple   | Became a worshipper of Makhleb the Destroyer
  3884 | D:4      | Noticed Sigmund
  3896 | D:4      | Killed Sigmund
  3897 | D:4      | Reached skill level 1 in Shields
  3897 | D:4      | Reached skill level 1 in Invocations
  3916 | D:3      | Reached skill level 6 in Fighting
  4352 | D:5      | Entered Level 5 of the Dungeon
  4386 | D:5      | Slain by an ogre

Illustrated notes

Levels and vault maps discovered:
D:1:      minmay_arrival_checkered_box, layout_basic, nicolae_wormholes
D:2:      layout_basic, basic_altar
D:3:      layout_basic, mainiacjoe_overflow_catwalk, minmay_gold_behind_fungi,
          st_stairs_10
D:4:      layout_loops_ring, elyvilon_altar_3, minmay_temple_entry_junction,
          nicolae_alphabet_shops, uniq_grinder, uniq_sigmund
D:5:      layout_cave_pools, eino_small_chamber_without_monster
Temple:   nicolae_temple_x_marks_the_god

Skill      XL: |  1  2  3  4  5  6  7 |
---------------+----------------------+-----
Fighting       | 3 4 5 6 |  6.0
Dodging        | 3 4 |  4.0
Short Blades   | 1 3 4 |  4.7
Shields        | 1 |  1.7
Invocations    | 1 |  1.6
Staves         | |  3.5
Throwing       | |  2.0

Action                     |  1- 3 |  4- 6 |  7- 9 || total
---------------------------+-------+-------+-------++-------
  Melee: Quarterstaff      |    53 |       |       ||    53
         Dagger            |    72 |   105 |    76 ||   253
         Punch             |     3 |       |       ||     3
  Throw: Throwing net      |       |     3 |     3 ||     6
         Large rock        |       |     2 |       ||     2
    Use: Scroll            |     5 |       |     2 ||     7
         Potion            |       |       |     1 ||     1
   Stab: Sleeping          |     1 |       |       ||     1
 Armour: Robe              |    75 |    57 |    60 ||   192
  Dodge: Dodged            |    40 |    34 |    23 ||    97
  Block: Tower shield      |       |       |    47 ||    47

Table legend: (Time is in decaauts)
 A = Elapsed time spent in this place.
 B = Non-inter-level travel time spent in this place.
 C = Inter-level travel time spent in this place.
 D = Time resting spent in this place.
 E = Time spent auto-exploring this place.
 F = Levels seen in this place.
 G = Mean time per level.
                   A        B        C        D        E       F      G
               +--------+--------+--------+--------+--------+-----+--------+
         Total |   4391 |   4069 |    322 |    102 |   3179 |   6 |  731.8 |
       Dungeon |   4374 |   4066 |    308 |    102 |   3179 |   5 |  874.8 |
        Temple |     16 |      2 |     14 |      0 |      0 |   1 |   16.0 |
               +--------+--------+--------+--------+--------+-----+--------+

Top non-repeatable levels by time:
     D:3: 1618 daAuts
     D:4: 1181 daAuts
     D:2: 1006 daAuts
     D:1: 534 daAuts
     D:5: 34 daAuts
  Temple: 16 daAuts
